 Dungeon Crawl Stone Soup version 0.32-a0-953-g508020473e (webtiles) character file.

Game seed: 17201408372366395513

65 elagabalus the Magician (level 4, 16/31 HPs)
             Began as a Djinni Hedge Wizard on Apr 16, 2024.
             Quit the game on level 2 of the Dungeon.
             The game lasted 00:08:39 (892 turns).

elagabalus the Magician (Djinni Hedge Wizard)        Turns: 892, Time: 00:08:39

Health: 16/31      AC:  2    Str:  9    XL:     4   Next: 34%
Gold:   62         EV: 11    Int: 18    God:
                   SH:  0    Dex: 12

rFire   + + .        d - +1 falchion (protect)
rCold   x . .        (no shield)
rNeg    . . .        b - +0 robe
rPois   ∞            c - +0 hat
rElec   .            (no cloak)
rCorr   .            (no gloves)
SInv    .            (boots unavailable)
Will    .....        (no amulet)
Stlth   ++           (no ring)
HPRegen 0.25/turn    (no ring)

%: no passive effects
@: flying
A: sickness immunity, fire resistance 2, cold vulnerability 1, float, innate
caster, HP casting, extra vitality 1
a: no special abilities


You were on level 2 of the Dungeon.
You visited 1 branch of the dungeon, and saw 2 of its levels.

You collected 62 gold pieces.

Inventory:

Hand Weapons
 d - a +1 falchion of protection (weapon)
Armour
 b - a +0 robe (worn)
 c - a +0 hat (worn)
Scrolls
 a - a scroll of summoning {unknown}
 e - a scroll of noise
 g - 2 scrolls of enchant weapon


   Skills:
 - Level 2.1 Dodging
 - Level 1.5 Stealth
 * Level 4.2 Spellcasting
 * Level 4.2 Conjurations
 * Level 4.2 Hexes
 * Level 4.2 Summonings
 * Level 4.2 Necromancy
 * Level 4.2 Translocations
 * Level 4.2 Fire Magic
 * Level 4.2 Ice Magic
 * Level 4.2 Air Magic
 * Level 4.2 Earth Magic
 * Level 4.2 Alchemy


You knew the following spells:

 Your Spells              Type           Power      Damage    Failure   Level
a - Magic Dart            Conj           76%        1d6       2%          1
b - Slow                  Hex            76%        N/A       2%          1
c - Blink                 Tloc           38%        N/A       3%          2
d - Call Imp              Summ           38%        N/A       3%          2
e - Mephitic Cloud        Conj/Alch/Air  19%        N/A       8%          3
f - Apportation           Tloc           38%        N/A       2%          1
Your spell library was empty.

Dungeon Overview and Level Annotations

Branches:
Dungeon (2/15)

Altars:


Innate Abilities, Weirdness & Mutations

You are immune to sickness and miasma.
You are immune to poison.
Your flesh is very heat resistant. (rF++)
You are vulnerable to cold. (rC-)
You float through the air rather than walking.
You learn spells naturally, not from books.
Your magical power is your life essence.
You have superior vitality. (+4 MHP)


Message History

Aim: a goblin, wielding a +0 sling (100% to hit)
The magic dart hits the goblin.
You kill the goblin!
* * * LOW HITPOINT WARNING * * *
A goblin comes into view. It is wielding a +0 club.
The goblin shouts!
Aiming: Magic Dart (safe; 2% risk of failure)
Press: ? - help, Q - select action, (/) - cycle Shift-Dir - straight line, f - goblin
Aim: a goblin, wielding a +0 club (100% to hit)
The magic dart hits the goblin.
You kill the goblin!
* * * LOW HITPOINT WARNING * * *
You now have 55 gold pieces (gained 12).
Things that are here:
a +0 club; a goblin corpse A kobold comes into view.
It is wielding a +0 whip.
The kobold shouts!
You hear a shout!
Aiming: Magic Dart (safe; 2% risk of failure)
Press: ? - help, Q - select action, (/) - cycle Shift-Dir - straight line, f - kobold
Aim: a kobold, wielding a +0 whip (100% to hit)
The magic dart hits the kobold.
You kill the kobold!
A goblin comes into view. It is wielding a +0 dagger.
Aiming: Magic Dart (safe; 2% risk of failure)
Press: ? - help, Q - select action, (/) - cycle Shift-Dir - straight line, f - goblin
Aim: a goblin, wielding a +0 dagger (100% to hit)
The magic dart hits the goblin.
The goblin is heavily wounded.
Aiming: Magic Dart (safe; 2% risk of failure)
Press: ? - help, Q - select action, (/) - cycle Shift-Dir - straight line, f/p - goblin
Aim: a goblin, wielding a +0 dagger (heavily wounded, 100% to hit)
The magic dart hits the goblin.
You kill the goblin!
Items here: )) ††.
Found 7 gold pieces.
You now have 62 gold pieces (gained 7).
Saving game... please wait.
Welcome back, elagabalus the Djinni Hedge Wizard.
Press ? for a list of commands and other information.
Are you sure you want to abandon this character and quit the game? (Confirm with "yes".)

.##.#####.#.#.##.#
.##.# ###.#.#.##.#
.##.. ...........#
###### ###.##.##.#
.##.##.# #.##....#
.#####.# #.#####.#
#......@# #######.# #
#.# .##### #.##
......##...
#.......##.#
#######..###..##.##
...........#..#...##.
#####.#..#......#....


There were no monsters in sight!

Vanquished Creatures
  3 endoplasms (D:1)
  A giant cockroach (D:2)
  5 goblins (D:2)
  3 hobgoblins
  3 ball pythons
  A bat (D:2)
  3 frilled lizards
  4 kobolds
  4 rats
27 creatures vanquished.

Vanquished Creatures (collateral kills)
  Robin (D:2)
  A dart slug (D:1)
  2 bats (D:1)
  An endoplasm (D:1)
  4 goblins
  A hobgoblin (D:1)
  3 jackals (D:2)
  4 kobolds
  A ball python (D:2)
  A frilled lizard (D:1)
19 creatures vanquished.

Grand Total: 46 creatures vanquished

Notes
Turn   | Place    | Note
-------+----------+-------------------------------------------
     0 | D:1      | elagabalus the Djinni Hedge Wizard began the quest for the
                  | Orb.
     0 | D:1      | elagabalus set off with the following spells memorised:
                  | Magic Dart, Slow, Blink, Call Imp, Mephitic Cloud.
     0 | D:1      | Reached XP level 1. HP: 15/15 MP: 0/0
    88 | D:1      | Reached XP level 2. HP: 9/21 MP: 0/0
   446 | D:1      | Reached XP level 3. HP: 25/25 MP: 0/0
   446 | D:1      | Learned a level 1 spell: Apportation
   800 | D:2      | Noticed Robin
   812 | D:2      | Killed Robin
   813 | D:2      | Reached XP level 4. HP: 12/31 MP: 0/0
   892 | D:2      | Quit the game

Illustrated notes

Levels and vault maps discovered:
D:1:      lightli_arrival_lavapool, layout_basic, minmay_cut_off
D:2:      layout_loops_cross, uniq_robin

Skill      XL: |  1  2  3 |
---------------+----------+-----
Spellcasting   | 4 |  4.2
Conjurations   | 4 |  4.2
Hexes          | 4 |  4.2
Summonings     | 4 |  4.2
Necromancy     | 4 |  4.2
Translocations | 4 |  4.2
Fire Magic     | 4 |  4.2
Ice Magic      | 4 |  4.2
Air Magic      | 4 |  4.2
Earth Magic    | 4 |  4.2
Alchemy        | 4 |  4.2
Dodging        | |  2.1
Stealth        | |  1.5

Action                     |  1- 3 |  4- 6 || total
---------------------------+-------+-------++-------
  Melee: Falchion          |    16 |       ||    16
   Cast: Magic Dart        |    34 |    11 ||    45
         Slow              |     1 |       ||     1
         Call Imp          |    11 |       ||    11
         Blink             |     2 |       ||     2
    Use: Scroll            |     3 |       ||     3
 Armour: Robe              |    34 |     2 ||    36
  Dodge: Dodged            |    26 |       ||    26

Table legend: (Time is in decaauts)
 A = Elapsed time spent in this place.
 B = Non-inter-level travel time spent in this place.
 C = Inter-level travel time spent in this place.
 D = Time resting spent in this place.
 E = Time spent auto-exploring this place.
 F = Levels seen in this place.
 G = Mean time per level.
                   A        B        C        D        E       F      G
               +--------+--------+--------+--------+--------+-----+--------+
         Total |    896 |    896 |      0 |      0 |      0 |   2 |  448.0 |
       Dungeon |    896 |    896 |      0 |      0 |      0 |   2 |  448.0 |
               +--------+--------+--------+--------+--------+-----+--------+

Top non-repeatable levels by time:
     D:1: 570 daAuts
     D:2: 326 daAuts
